Match 43166639
Unlisted

Match 43166639
End
Kradschützen Motorcycle Team
Panzergrenadier Squad
Selects Panzerjäger Kommand Battlegroup
Selects Mine Fields
Panzergrenadier Squad
250 Light Carrier
Construct Light Support Kompanie
Combat Half-tracks
Selects Tank Busters
2.5-tonne Medical Truck
Panzerjäger Mechanized Group
Fire Support Elements
Flakvierling Half-track
Selects Defensive Positions
Veteran Squad Leaders
Vehicle Survival Package
Construct Panzerarmee Kommand
Armored Reserves
Selects Butterfly Bomb Drop
Panzer IV Assault Group
水银灯
A2O
.
Dark Angels
Bartoleo
Spytomb
不吃芹菜
崔小海
0
0

Comments sign in to comment!

No comments posted yet!